 Dungeon Crawl Stone Soup version 0.30.1-9-gdf580d7c3d (webtiles) character file.

Game seed: 7408405521428029262

165 Erymatos the Chopper (level 5, -3/48 HPs)
             Began as a Minotaur Berserker on Oct 19, 2023.
             Was a Believer of Trog.
             Slain by an orc
             ... wielding a +0 hand axe
              (6 damage)
             ... on level 4 of the Dungeon.
             The game lasted 00:04:40 (2940 turns).

Erymatos the Chopper (Minotaur Berserker)           Turns: 2940, Time: 00:04:41

Health: -3/48      AC:  6    Str: 23    XL:     5   Next: 22%
Magic:  4/4        EV: 12    Int:  4    God:    Trog [**....]
Gold:   239        SH:  0    Dex: 14    Spells: 4/4 levels left

rFire   . . .        b - +8 mace of Wrath {speed, rC+ Dex+4}
rCold   + . .        (no shield)
rNeg    . . .        o - +0 leather armour
rPois   .            n - +2 hat
rElec   .            m - +0 cloak
rCorr   .            (no gloves)
SInv    .            (no boots)
Will    .....        (no amulet)
Stlth   +            (no ring)
HPRegen 0.28/turn    (no ring)
MPRegen 0.09/turn

%: no passive effects
@: confused
A: horns 2, retaliatory headbutt
a: Renounce Religion, Berserk, Trog's Hand


You were on level 4 of the Dungeon.
You worshipped Trog.
Trog was pleased with you.
You visited 1 branch of the dungeon, and saw 4 of its levels.

You collected 239 gold pieces.

Inventory:

Hand Weapons
 b - the +8 mace of Wrath (weapon) {speed, rC+ Dex+4}
   (You found it on level 2 of the Dungeon)

   Dex:       It affects your dexterity (+4).
   rC:        It protects you from cold.
 p - a +0 antimagic war axe
Armour
 m - a +0 cloak (worn)
 n - a +2 hat (worn)
 o - a +0 leather armour (worn)
Jewellery
 c - a ring of fire
Scrolls
 e - a scroll of fog {unknown}
 f - a scroll of fear {unknown}
 i - 2 scrolls of magic mapping {unknown}
 j - a scroll of immolation {unknown}
 k - 2 scrolls of enchant armour {unknown}
 l - 2 scrolls of identify {unknown}
Potions
 d - a potion of lignification {unknown}
 g - a potion of flight {unknown}
 h - 4 potions of curing {unknown}


   Skills:
 + Level 5.2 Fighting
 + Level 5.5 Axes
 + Level 2.9 Armour
 + Level 2.7 Dodging


You had 4 spell levels left.
You didn't know any spells.
Your spell library was empty.

Dungeon Overview and Level Annotations

Branches:
Dungeon (4/15)
 Temple: D:4-7

Altars:
Trog


Innate Abilities, Weirdness & Mutations

You have a pair of horns on your head.
You reflexively headbutt those who attack you in melee.


Message History

The orc wizard hits you with a +0 dagger.
The orc priest invokes the aid of Beogh against you.
Pain shoots through your body!
A magic dart appears from out of thin air!
The magic dart hits you.
You bump into the rock wall.
The kobold throws a stone.
The stone hits you but does no damage.
The orc wizard casts a spell.
The orc wizard flickers and vanishes!
The orc hits you but does no damage.
The orc priest hits you but does no damage.
Unknown command.
You hit something.
The kobold throws a stone.
Something hits you. The orc barely misses you.
The orc priest hits you with a +0 hand axe.
You hear some strange, mumbled words.
You are more confused.
Unknown command.
You bump into the rock wall.
Something hits you but does no damage. The orc hits you but does no damage.
Something hits you but does no damage.
The orc priest calls down the wrath of Beogh upon you.
Pain shoots through your body!
* * * LOW HITPOINT WARNING * * *
Unknown command.
You miss something. Something hits you.
* * * LOW HITPOINT WARNING * * *
The orc barely misses you.
The orc priest hits you with a +0 hand axe.
* * * LOW HITPOINT WARNING * * *
Something hits you.
* * * LOW HITPOINT WARNING * * *
You bump into the rock wall.
The kobold throws a stone.
The stone misses you.
You hear some strange, mumbled words.
Something tries to affect you, but you resist.
The orc barely misses you.
The orc priest casts a cantrip, but nothing happens.
Something barely misses you.
Unknown command.
You hit something but do no damage. Something hits you but does no damage.
The orc hits you with a +0 hand axe.
You die...

### #####.# ####.....#
## #....###.#
#.#####.#..# #.#
#{@o....#..###.##
.....go{######.......#
......oK# #.####..#
........# #......<#
)..###.## ######### ..
#. . .. .#


You could see an orc priest, 2 orcs, a goblin and a kobold.

Vanquished Creatures
  8 adders
  2 gnolls (D:3)
  A worm (D:2)
  A dart slug (D:1)
  3 orcs (D:3)
  4 ball pythons
  4 bats
  7 endoplasms
  4 giant cockroaches
  3 goblins
  6 hobgoblins
  2 quokkas
  9 frilled lizards
  4 kobolds
  9 rats
67 creatures vanquished.

Notes
Turn   | Place    | Note
-------+----------+-------------------------------------------
     0 | D:1      | Erymatos the Minotaur Berserker began the quest for the
                  | Orb.
     0 | D:1      | Reached XP level 1. HP: 19/19 MP: 0/0
   102 | D:1      | Reached XP level 2. HP: 27/27 MP: 1/1
   398 | D:1      | Reached ** piety under Trog
   516 | D:1      | Reached XP level 3. HP: 31/33 MP: 2/2
  1033 | D:2      | Reached XP level 4. HP: 41/41 MP: 3/3
  1363 | D:2      | Identified the +8 mace of Wrath {speed, rC+ Dex+4}
  2009 | D:3      | Reached skill level 5 in Axes
  2102 | D:3      | Reached skill level 5 in Fighting
  2567 | D:3      | Reached XP level 5. HP: 47/48 MP: 4/4
  2651 | D:3      | Found a bloodstained altar of Trog.
  2940 | D:4      | Slain by an orc

Illustrated notes

Levels and vault maps discovered:
D:1:      spicycebolla_arrival_clurvy, layout_loops_corners
D:2:      layout_basic, serial_glass, glass_columns_a, glass_columns_a,
          glass_columns_b, glass_columns_a, glass_columns_a, glass_columns_c,
          glass_columns_a, glass_columns_b, glass_columns_b, glass_columns_a,
          glass_columns_b, glass_columns_a, glass_columns_b, glass_columns_a,
          feat_on_display, feat_on_display
D:3:      layout_loops_ring, trog_antimagical
D:4:      layout_basic, nemelex_altar_shiori, cheibrodos_sewer_entry_drain,
          hangedman_abyss_or_decor_stagger

Skill      XL: |  1  2  3  4 |
---------------+-------------+-----
Axes           | 4 5 |  5.5
Fighting       | 4 5 |  5.2
Armour         | |  2.9
Dodging        | |  2.7

Action                     |  1- 3 |  4- 6 || total
---------------------------+-------+-------++-------
  Melee: Hand axe          |    78 |    66 ||   144
         Headbutt          |     9 |    11 ||    20
         Punch             |     1 |       ||     1
         Mace              |       |     5 ||     5
 Armour: Animal skin       |     9 |     3 ||    12
         Leather armour    |       |    25 ||    25
  Dodge: Dodged            |    44 |    54 ||    98
